 Dungeon Crawl Stone Soup version 0.30-b1-2-g02819fbbbe (webtiles) character file.

Game seed: 8197442376744509361

34 vatarom the Gusty (level 3, -3/19 HPs)
             Began as a Tengu Air Elementalist on July 3, 2023.
             Killed from afar by Natasha (22 damage)
             ... with a bolt of dispelling energy
             ... on level 2 of the Dungeon.
             The game lasted 00:02:04 (1457 turns).

vatarom the Gusty (Tengu Air Elementalist)          Turns: 1457, Time: 00:02:05

Health: -3/19      AC:  8    Str:  6    XL:     3   Next: 31%
Magic:  6/7        EV: 12    Int: 24    God:
Gold:   116        SH:  0    Dex: 14    Spells: 1/7 levels left

rFire   . . .        (no weapon)
rCold   . . .        (no shield)
rNeg    . . .        a - +1 robe
rPois   .            (helmet restricted)
rElec   .            (no cloak)
rCorr   .            e - +0 pair of gloves
SInv    .            (boots unavailable)
Will    +....        (no amulet)
Stlth   ++           f - ring "Sobeup" {AC+4 Str-2 Int+7}
HPRegen 0.23/turn    i - ring of willpower
MPRegen 0.10/turn

%: no passive effects
@: no status effects
A: beak, talons 3
a: no special abilities


You were on level 2 of the Dungeon.
You visited 1 branch of the dungeon, and saw 2 of its levels.

You collected 116 gold pieces.

Inventory:

Missiles
 j - 4 poisoned darts
Armour
 a - a +1 robe (worn)
 e - a +0 pair of gloves (worn)
Jewellery
 f - the ring "Sobeup" (left hand) {AC+4 Str-2 Int+7}
   (You found it on level 2 of the Dungeon)

   [ring of protection]

   AC:        It affects your AC (+4).
   Str:       It affects your strength (-2).
   Int:       It affects your intelligence (+7).
 i - a ring of willpower (right hand)
Scrolls
 d - 2 scrolls of identify {unknown}
 l - a scroll of poison {unknown}
Potions
 b - a potion of magic
 c - 2 potions of curing {unknown}
 g - a potion of degeneration {unknown}
 h - a potion of heal wounds {@q2}
 k - a potion of attraction {unknown}


   Skills:
 - Level 2.1 Dodging
 - Level 2.0 Stealth
 + Level 2.5 Spellcasting
 + Level 2.5 Conjurations
 + Level 4.6 Air Magic


You had one spell level left.
You knew the following spells:

 Your Spells              Type           Power      Damage    Failure   Level
a - Shock                 Conj/Air       80%        1d8       2%          1
b - Static Discharge      Conj/Air       40%        2-4/arc   3%          2
c - Swiftness             Air            25%        N/A       4%          3

Your spell library contained the following spells:

 Spells                   Type           Power      Damage    Failure   Level
 Airstrike                Air            12%        2d(2-18)  17%         4


Dungeon Overview and Level Annotations

Branches:
Dungeon (2/15)

Altars:

Annotations:
D:2 Natasha


Innate Abilities, Weirdness & Mutations

You have a beak for a mouth.
You have claws for feet.


Message History

The zap hits the goblin.
You kill the goblin!
You can't see any susceptible monsters within range! (Use Z to cast anyway.)
You now have 116 gold pieces (gained 15).
Things that are here:
a +0 club; a goblin corpse Key pressed, stopping explore.
You open the door.
There is an open door here.
There is a staircase leading out of the dungeon here.
You open the door.
Key pressed, stopping explore.
There is an open door here.
There is an open door here.
Key pressed, stopping explore.
Things that are here:
a +0 dagger; a stone Key pressed, stopping explore.
Done exploring.
Done exploring.
(D) Dungeon
Where to? (Enter - D:1, ? - help)
You see here a +0 mace.
There is an open door here.
There is a stone staircase leading down here.
You climb downwards.
Level annotation: Natasha
There is a stone staircase leading up here.
This spell is quite dangerous to cast!
Memorise Swiftness, consuming 3 spell levels and leaving 1?
You start memorising the spell.
You continue memorising. x3
You finish memorising.
Spell assigned to 'c'.
As you open the door, it creaks loudly!
There is an open door here.
There is an open door here.
Natasha mumbles some strange words.
The zap misses Natasha.
Natasha zaps a wand.
The bolt of dispelling energy hits you!!
Ouch! That really hurt!
You die...

##### #.# #.......########.#..
....# #.# #..............#.#..
###.#####.####..............#.#..
.............'.............†.....
###.........##..............####.
###..####.#.#########.......####.
..#..####.#......................
.<................h5.........####
###..####.#.###.@#############PP#
#....####.#.# ##..# ##PP..P#
#....#..#.#.# ##.### .~~~~~.#
#....#..#.#.# #...# ~PP.P.~~
........#.#.# ##### P###.PP#
#.##.#.##.#.# ######.P#
#....#....#.###### #....##.#
###########.#....# #.#..####
#.#.##.# ###.......†


You could see Natasha and a cerulean imp (summoned).

Vanquished Creatures
  An adder (D:2)
  A ball python (D:2)
  2 giant cockroaches (D:1)
  5 goblins (D:1)
  2 hobgoblins
  4 kobolds
  2 quokkas (D:1)
  A bat (D:2)
  6 rats
24 creatures vanquished.

Notes
Turn   | Place    | Note
-------+----------+-------------------------------------------
     0 | D:1      | vatarom the Tengu Air Elementalist began the quest for the
                  | Orb.
     0 | D:1      | Reached XP level 1. HP: 10/10 MP: 4/4
   222 | D:1      | You fall into a shaft and drop 1 floor!
   236 | D:2      | Noticed Natasha
   237 | D:2      | Reached XP level 2. HP: 15/15 MP: 1/6
   316 | D:2      | Learned a level 2 spell: Static Discharge
   369 | D:2      | Identified the ring "Sobeup" {AC+4 Str-2 Int+7}
   677 | D:1      | Reached XP level 3. HP: 19/19 MP: 5/7
  1401 | D:2      | Learned a level 3 spell: Swiftness
  1457 | D:2      | Killed from afar by Natasha

Illustrated notes

Levels and vault maps discovered:
D:1:      psy_arrival_terrarium, layout_basic, nicolae_figureground_pulse
D:2:      layout_basic, shapermc_ecumenical_altar_hornbeckon, uniq_natasha

Skill      XL: |  1  2 |
---------------+-------+-----
Conjurations   | 2 |  2.5
Dodging        | |  2.1
Stealth        | |  2.0
Spellcasting   | |  2.5
Air Magic      | |  4.6

Action                     || total
---------------------------++-------
  Melee: Unarmed           ||     1
         Kick              ||     1
   Cast: Shock             ||    47
    Use: Potion            ||     3
         Scroll            ||     1
 Armour: Robe              ||     1
  Dodge: Dodged            ||     1
